 Dungeon Crawl Stone Soup version 0.23-a0-730-g0b75920 (webtiles) character file.

162065 JeffiDaFish the Scorcher (level 16, -1/143 HPs)
             Began as a Green Draconian Fire Elementalist on Jan 16, 2019.
             Was a High Priest of Sif Muna.
             Killed from afar by a fire dragon (14 damage)
             ... with a blast of flame
             ... on level 15 of the Dungeon on Jan 18, 2019.
             The game lasted 02:14:11 (43453 turns).

JeffiDaFish the Scorcher (DrFE)                    Turns: 43453, Time: 02:14:11

Health: -1/143     AC: 15    Str: 13      XL:     16   Next: 95%
Magic:  17/31      EV: 12    Int: 25      God:    Sif Muna [*****.]
Gold:   474        SH:  8    Dex: 14 (15) Spells: 4/38 levels left

rFire    + + .     SeeInvis .   s - staff of fire
rCold    . . .     Gourm    .   c - +2 buckler {rC+}
rNeg     + . .     Faith    .   (armour unavailable)
rPois    +         Spirit   .   z - +0 hat
rElec    .         Reflect  .   d - +2 cloak
rCorr    .         Harm     .   F - +0 pair of gloves of the Merchant {MR+++ Stlth+}
MR       ++++.                  I - +1 pair of boots
Stlth    +++.......             w - amulet of magic regeneration
HPRegen  0.33/turn              i - ring of fire
MPRegen  0.47/turn              S - ring "Evafrorph" {+Fly rN+ Int+4 Dex+2}

@: about to teleport, studying Maces & Flails, divine energy
A: breathe noxious fumes, unfitting armour, stinger 1, clever 1, deterioration
1, poison resistance, cold-blooded, AC +9
}: 1/15 runes: decaying
a: Breathe Noxious Fumes, Stop Divine Energy, Channel Magic, Forget Spell,
Renounce Religion, Evoke Flight


You were on level 15 of the Dungeon.
You worshipped Sif Muna.
Sif Muna was extremely pleased with you.
You were very hungry.

You visited 8 branches of the dungeon, and saw 31 of its levels.
You visited the Abyss 1 time.
You also visited: Bailey.

You collected 2798 gold pieces.
You spent 2324 gold pieces at shops.

Inventory:

Hand Weapons
 h - a +1 spear of electrocution
Armour
 c - a +2 buckler of cold resistance (worn)
 d - a +2 cloak (worn)
 v - a +2 shield of protection
 z - a +0 hat (worn)
 F - the +0 pair of gloves of the Merchant (worn) {MR+++ Stlth+}
   (You found it on level 3 of the Lair of Beasts)

   It affects your resistance to hostile enchantments.
   It makes you more stealthy.
 I - a +1 pair of boots (worn)
Magical Staves
 s - an uncursed staff of fire (weapon)
Jewellery
 g - an uncursed ring of stealth
 i - a ring of fire (left hand)
 w - an amulet of magic regeneration (around neck)
 x - an uncursed ring of protection from cold
 y - an uncursed ring of see invisible
 K - a +3 ring of dexterity
 S - the ring "Evafrorph" (right hand) {+Fly rN+ Int+4 Dex+2}
   (You bought it in a shop on level 2 of the Orcish Mines)

   [ring of flight]

   It affects your intelligence (+4).
   It affects your dexterity (+2).
   It protects you from negative energy.
   It lets you fly.
Wands
 o - a wand of digging (18)
 p - a wand of acid (7)
 r - a wand of paralysis (42)
 E - a wand of iceblast (3)
 L - a wand of clouds (3)
Scrolls
 f - 7 scrolls of teleportation
 k - a scroll of brand weapon
 l - 17 scrolls of identify
 m - 9 scrolls of magic mapping
 n - 8 scrolls of remove curse
 G - 3 scrolls of fog
 M - 3 scrolls of enchant weapon
 N - a scroll of amnesia
Potions
 a - 5 potions of flight
 e - 2 potions of haste
 j - 6 potions of curing
 q - a potion of magic
 t - 3 potions of mutation
 u - 3 potions of might
 B - 2 potions of invisibility
 D - 3 potions of agility
 H - a potion of berserk rage
 J - 2 potions of resistance
 P - a potion of ambrosia
Books
 C - a manual of Maces & Flails
Comestibles
 b - 6 rations
 A - a chunk of flesh


   Skills:
 - Level 13.0 Fighting
 - Level 1.8 Dodging
 - Level 2.2 Stealth
 - Level 7.1 Shields
 + Level 11.8 Spellcasting
 + Level 16.0 Conjurations
 * Level 17.1 Fire Magic
 - Level 7.1 Poison Magic


You had 4 spell levels left.
You knew the following spells:

 Your Spells              Type           Power        Failure   Level  Hunger
a - Flame Tongue          Conj/Fire      #####        0%          1    None
b - Conjure Flame         Conj/Fire      ########     0%          3    None
c - Sticky Flame          Conj/Fire      ########     1%          4    None
d - Fireball              Conj/Fire      ########..   1%          5    ###....
e - Bolt of Fire          Conj/Fire      ########..   1%          6    #####..
f - Olgreb's Toxic Radia  Pois           ######..     2%          4    None
g - Ignite Poison         Fire/Tmut/Pois #######.     1%          3    None
h - Ignition              Fire           ########..   24%         8    #######

Your spell library contained the following spells:

 Spells                   Type           Power        Failure   Level  Hunger
 Magic Dart               Conj           ####         0%          1    None
 Searing Ray              Conj           ######       0%          2    None
 Throw Flame              Conj/Fire      ######       0%          2    None
 Shock                    Conj/Air       ####         1%          1    None
 Sting                    Conj/Pois      ####         1%          1    None
 Poisonous Vapours        Pois/Air       ####..       1%          2    None
 Throw Frost              Conj/Ice       ######       1%          2    None
 Dazzling Spray           Conj/Hex       ######       1%          3    None
 Inner Flame              Hex/Fire       #######.     1%          3    None
 Mephitic Cloud           Conj/Pois/Air  ######..     1%          3    None
 Static Discharge         Conj/Air       ######..     1%          3    None
 Stone Arrow              Conj/Erth      ######       1%          3    None
 Force Lance              Conj/Tloc      ######..     1%          4    None
 Fulminant Prism          Conj/Hex       ######....   1%          4    None
 Iskenderun's Mystic Bla  Conj           #######.     1%          4    None
 Throw Icicle             Conj/Ice       ######..     1%          4    None
 Spider Form              Tmut/Pois      ####......   2%          3    None
 Beastly Appendage        Tmut           ##....       4%          1    None
 Corona                   Hex            ##.....      4%          1    None
 Freeze                   Ice            ##..         4%          1    None
 Infusion                 Chrm           ##..         4%          1    None
 Sandblast                Erth           ##....       4%          1    None
 Blink                    Tloc           N/A          6%          2    None
 Ensorcelled Hibernation  Hex/Ice        ##....       6%          2    None
 Passwall                 Tmut/Erth      ##......     6%          2    None
 Shroud of Golubria       Chrm/Tloc      ##........   6%          2    None
 Song of Slaying          Chrm           ##......     6%          2    None
 Sticks to Snakes         Tmut           ##......     6%          2    None
 Confuse                  Hex            ##......     12%         3    None
 Gell's Gravitas          Tloc           ##........   12%         3    None
 Lesser Beckoning         Tloc           ##........   12%         3    None
 Ozocubu's Armour         Chrm/Ice       ##......     12%         3    None
 Regeneration             Chrm/Necr      ##........   12%         3    None
 Spectral Weapon          Hex/Chrm       ##......     12%         3    None
 Teleport Other           Tloc           ##......     12%         3    None
 Tukima's Dance           Hex            ##......     12%         3    None
 Cause Fear               Hex            ##........   38%         4    None
 Ice Form                 Ice/Tmut       ##......     38%         4    None
 Passage of Golubria      Tloc           N/A          38%         4    None
 Petrify                  Tmut/Erth      ##......     38%         4    None
 Summon Ice Beast         Ice/Summ       ##......     38%         4    None
 Bolt of Magma            Conj/Fire/Erth ########..   1%          5    ###....
 Venom Bolt               Conj/Pois      ######....   1%          5    ###....
 Irradiate                Conj/Tmut      ######....   4%          5    ###....
 Iskenderun's Battlesphe  Conj/Chrm      ######..     4%          5    ###....
 Lightning Bolt           Conj/Air       ######....   4%          5    ###....
 Orb of Destruction       Conj           #######...   4%          7    ######.
 Iron Shot                Conj/Erth      ######....   24%         6    #####..
 Alistair's Intoxication  Tmut/Pois      ####....     26%         5    ###....
 Freezing Cloud           Conj/Ice/Air   #####.....   56%         6    #####..
 Ring of Flames           Chrm/Fire      #######...   71%         7    ######.
 Blade Hands              Tmut           ##........   75%         5    ###....
 Borgnjor's Vile Clutch   Necr/Erth      ##........   75%         5    ###....
 Lee's Rapid Deconstruct  Erth           ##........   75%         5    ###....
 Silence                  Hex/Air        ##........   75%         5    ###....
 Yara's Violent Unravell  Hex/Tmut       ##........   75%         5    ###....
 Spellforged Servitor     Conj/Summ      ######....   78%         7    ######.
 Darkness                 Hex            ##........   99%         6    #####..
 Deflect Missiles         Chrm/Air       ##........   99%         6    #####..
 Hydra Form               Tmut           ##........   99%         6    #####..
 Shadow Creatures         Summ           N/A          99%         6    #####..
 Statue Form              Tmut/Erth      ##.......    99%         6    #####..
 Fire Storm               Conj/Fire      ########..   99%         9    #######
 Dragon Form              Tmut           ##........   100%        7    ######.
 Chain Lightning          Conj/Air       ######....   100%        8    #######
 Discord                  Hex            ##........   100%        8    #######
 Dragon's Call            Summ           ##........   100%        9    #######
 Shatter                  Erth           ##........   100%        9    #######
 Tornado                  Air            ##........   100%        9    #######


Dungeon Overview and Level Annotations

Branches:
Dungeon (15/15)            Temple (0/1) D:6            Lair (6/6) D:11
  Swamp (4/4) Lair:4       Spider (1/4) Lair:4        Slime (1/5) Lair:6
    Orc (2/2) D:11            Elf (1/3) Orc:2        Vaults (0/5) D:13
 Depths (1/5) D:15

Altars:
Gozag
Kikubaaqudgha
Makhleb
Nemelex Xobeh
Okawaru
Qazlal
Ru
Sif Muna
Trog
Vehumet
Xom
Yredelemnul
Zin
Beogh

Shops:
D:8 :   D:11 ?   Orc:2 =}*

Annotations:
Orc:2 2 transporters, Birdy's ghost, journeyman MiFi


Innate Abilities, Weirdness & Mutations

You can breathe blasts of noxious fumes.
Your lurid green scales are hard. (AC +9)
You cannot fit into any form of body armour.
Your tail ends in a poisonous barb.
Your system is resistant to poisons. (rPois)
You are cold-blooded and may be slowed by cold attacks.
Your mind is acute. (Int +2)
Your body sometimes deteriorates upon taking damage.


Message History

The blast of flame hits you! You resist.
* * * LOW HITPOINT WARNING * * *
You hear a shout!
You have got your breath back.
The fire dragon breathes flames at you. The blast of flame hits you!
You resist.
* * * LOW HITPOINT WARNING * * *
The fire dragon closely misses you. x2; You block the fire dragon's attack.
There is a staircase back to the Dungeon, spattered with blood here.
The fire dragon breathes flames at you.
The blast of flame misses the fire dragon.
The blast of flame hits you! You resist.
* * * LOW HITPOINT WARNING * * *
You climb upwards.
Welcome back to the Dungeon!
There is a staircase to the Depths here.
As you read the scroll of teleportation, it crumbles to dust.
You feel strangely unstable. The fire dragon breathes flames at you.
The blast of flame hits you! You resist.
You die...

.....'...# #......# #......#
.....###.# #......# ####...#
.....###.# #......#######...#
.....+.<.# ###.###.........##
.....####### ####.# #.#######.#
.....##.#..###.##.###'### #.#
.....#.....##...#.......#####.#
..#.###.##.#...D##............###
..#.##..##......@#............##.
..#.##...###....##............##.
..#..###..###...#................
..##.# ##.####.##..............##
..##.###...######.....##.........
..##.##.....###.#.....##........#
..##.##.....#.#.#...........#....
..##.###...##.#.......####..#....
..##...##.###.#.#..............##


You could see a fire dragon.

Vanquished Creatures
  the Lernaean hydra (Swamp:4)
  Gastronok (Lair:1)
  3 thorn hunters
  An orc warlord (D:11)
  A deep elf elementalist (Elf:1)
  A stone giant (Depths:1)
  An ettin (Orc:2)
  The ghost of Luynoab the Spear-Bearer, a journeyman MiFi of Okawaru (Lair:2)
  Erolcha (D:11)
  25 hydras
  3 shambling mangroves
  An anaconda (Swamp:1)
  A catoblepas (Lair:6)
  4 centaur warriors
  3 ghost crabs (Swamp:3)
  3 two-headed ogres
  3 alligators
  9 death yaks
  A deep elf knight (Elf:1)
  2 spriggan druids
  7 swamp dragons
  2 unseen horrors
  A glowing orange brain (D:15)
  A necromancer (D:13)
  6 orc knights
  2 deep elf archers (Elf:1)
  An orb spider (shapeshifter) (D:15)
  6 oklob plants
  2 orb spiders (Spider:1)
  18 ugly things
  An orc sorcerer (Orc:2)
  A salamander (Depths:1)
  4 cyclopes
  10 deep elf magi
  3 wolf spiders
  2 elephants (Lair:6)
  4 manticores
  Maurice (D:11)
  11 black mambas
  2 centaur skeletons
  A torpor snail (shapeshifter) (D:14)
  2 torpor snails (Lair:6)
  22 spiny frogs
  A gargoyle (D:11)
  6 komodo dragons
  3 rime drakes
  2 demonic crawlers (Spider:1)
  4 jumping spiders
  6 trolls
  3 polar bears
  14 hornets
  11 tyrant leeches
  8 hippogriffs
  8 bog bodies
  16 blink frogs
  15 slime creatures
  8 dream sheep
  10 spriggans
  7 redbacks
  A spriggan (shapeshifter) (D:15)
  2 water elementals (Elf:1)
  An air elemental (Elf:1)
  4 vampires
  A wraith (D:13)
  4 tarantellas
  A shadow (Swamp:2)
  3 wyverns
  Eustachio (D:5)
  27 yaks
  A fire elemental (Orc:2)
  8 vampire mosquitoes
  4 hungry ghosts
  Grum (D:8)
  3 basilisks
  Menkaure (D:5)
  3 wargs
  13 swamp worms
  Edmund (D:5)
  An acid dragon (D:13)
  22 insubstantial wisps
  19 water moccasins
  A water moccasin (shapeshifter) (D:15)
  12 porcupines
  9 swamp drakes
  8 ice beasts
  33 orc warriors
  4 phantoms
  3 sky beasts
  10 ogres
  9 centaurs
  2 eyes of draining
  15 wolves
  A crocodile (shapeshifter) (D:15)
  11 crocodiles
  20 bullfrogs
  2 big kobolds
  2 wyvern skeletons (D:13)
  3 scorpions
  5 wights (D:12)
  3 howler monkeys
  An electric eel (D:8)
  3 centaur zombies
  3 crimson imps
  3 bullfrog zombies
  9 hounds
  A gnoll shaman (D:8)
  12 orc priests
  7 jellies
  2 iguanas (D:7)
  18 orc wizards
  4 hell rats (Lair:2)
  7 worker ants
  A hound skeleton (D:11)
  2 worker ant zombies
  A howler monkey zombie (D:7)
  18 gnolls
  21 adders
  2 river rats (Lair:2)
  4 shadow imps
  An ooze (D:3)
  2 worms
  2 dart slugs
  8 leopard geckos
  90 orcs
  5 ball pythons
  19 bats
  5 giant cockroaches
  8 goblins
  8 hobgoblins
  15 jackals
  3 quokkas
  5 frilled lizards
  19 kobolds
  A leopard gecko skeleton (D:5)
  15 rats
  A bush (Lair:5)
  2 fungi
  6 plants
907 creatures vanquished.

Vanquished Creatures (others)
  A hornet (Swamp:3)
  A swamp worm (Swamp:3)
  2 bushes (Lair:6)
  A fire vortex (D:6)
  9 fungi
  7 plants
21 creatures vanquished.

Grand Total: 928 creatures vanquished

Notes
Turn   | Place    | Note
-------+----------+-------------------------------------------
     0 | D:1      | JeffiDaFish the Draconian Fire Elementalist began the quest
                  | for the Orb.
     0 | D:1      | Reached XP level 1. HP: 14/14 MP: 3/3
     6 | D:1      | Noticed a rime drake
     6 | D:1      | Noticed a black mamba
     6 | D:1      | Noticed a hog
     7 | D:1      | Noticed a redback
   266 | D:1      | Reached XP level 2. HP: 20/20 MP: 0/5
   645 | D:1      | Upgraded the game from 0.23-a0-713-ge59bbb1 to
                  | 0.23-a0-726-g9fa1570
  1196 | D:2      | Reached XP level 3. HP: 26/26 MP: 3/6
  1408 | D:2      | Learned a level 3 spell: Conjure Flame
  1665 | D:2      | Reached skill level 4 in Fire Magic
  1696 | D:2      | Reached XP level 4. HP: 24/34 MP: 3/7
  1888 | D:2      | Reached skill level 1 in Fighting
  1988 | D:2      | Found a basalt altar of Yredelemnul.
  2501 | D:3      | Found a faded altar of an unknown god.
  2648 | D:3      | Reached XP level 5. HP: 40/40 MP: 5/8
  3034 | D:3      | Gained mutation: Your body sometimes deteriorates upon
                  | taking damage. [potion of mutation]
  3034 | D:3      | Gained mutation: Your mind is acute. (Int +2) [potion of
                  | mutation]
  3084 | D:3      | Found a bloodstained altar of Trog.
  3084 | D:3      | Found an opulent altar of Gozag.
  3242 | D:4      | Reached skill level 1 in Shields
  3447 | D:4      | Reached XP level 6. HP: 38/48 MP: 5/10
  3973 | D:3      | Learned a level 4 spell: Sticky Flame
  4458 | D:5      | Entered Level 5 of the Dungeon
  4464 | D:5      | Reached skill level 5 in Fire Magic
  4514 | D:5      | Noticed Edmund
  4545 | D:5      | Killed Edmund
  4545 | D:5      | Your scales start taking on a lurid green colour.
  4545 | D:5      | Reached XP level 7. HP: 33/56 MP: 0/11
  4545 | D:5      | Gained mutation: Your system is resistant to poisons.
                  | (rPois) [Green Draconian growth]
  4697 | D:5      | Noticed Eustachio
  4708 | D:5      | Killed Eustachio
  5880 | D:5      | Noticed Menkaure
  5887 | D:5      | Killed Menkaure
  5887 | D:5      | Reached skill level 6 in Fire Magic
  5887 | D:5      | Reached XP level 8. HP: 33/63 MP: 7/13
  5997 | D:5      | Learned a level 5 spell: Fireball
  6122 | D:5      | Reached skill level 5 in Conjurations
  6323 | D:6      | Found a stormy altar of Qazlal.
  6469 | D:6      | Found a shimmering altar of Xom.
  6470 | D:6      | Found a deep blue altar of Sif Muna.
  6472 | D:6      | Found a sacrificial altar of Ru.
  6491 | D:6      | Became a worshipper of Sif Muna the Loreminder
  6684 | D:6      | Found a staircase to the Ecumenical Temple.
  6994 | D:7      | Reached skill level 7 in Fire Magic
  7005 | D:7      | Reached XP level 9. HP: 51/72 MP: 4/15
  7223 | D:7      | Reached * piety under Sif Muna
  7474 | D:7      | Reached skill level 5 in Fighting
  7846 | D:7      | Found a glowing silver altar of Zin.
  8048 | D:8      | Noticed Grum
  8063 | D:8      | Killed Grum
  8063 | D:8      | Reached skill level 8 in Fire Magic
  8365 | D:8      | Reached ** piety under Sif Muna
  8373 | D:8      | Reached skill level 5 in Spellcasting
  8464 | D:8      | Found Xiunwel's Book Shoppe.
  9219 | D:9      | Reached XP level 10. HP: 79/83 MP: 16/18
  9408 | D:9      | Found an iron altar of Okawaru.
  9691 | D:9      | Found a sparkling altar of Nemelex Xobeh.
  9726 | D:9      | Reached skill level 9 in Fire Magic
  9759 | D:9      | Reached *** piety under Sif Muna
 10261 | D:10     | Entered Level 10 of the Dungeon
 10325 | D:10     | Found a flagged portal.
 10395 | Bailey   | Entered a bailey
 10540 | Bailey   | Noticed an orc knight
 10625 | Bailey   | Noticed an orc knight
 10670 | Bailey   | Killed an orc knight
 10783 | Bailey   | Killed an orc knight
 11076 | D:10     | Reached skill level 10 in Fire Magic
 11114 | D:10     | Reached **** piety under Sif Muna
 11297 | D:8      | Bought a book of Power for 495 gold pieces
 11303 | D:8      | Learned a level 5 spell: Venom Bolt
 11723 | D:10     | Reached XP level 11. HP: 67/92 MP: 15/20
 12055 | D:10     | Reached skill level 1 in Poison Magic
 12344 | D:11     | Found a staircase to the Lair.
 12360 | D:11     | Found a staircase to the Orcish Mines.
 12360 | D:11     | Noticed Erolcha
 12371 | D:11     | Cast into level 1 of the Abyss (Erolcha)
 12378 | D:11     | Escaped the Abyss
 12379 | D:11     | Killed Erolcha
 13243 | D:11     | Found Vieddiuth's Magic Scroll Boutique.
 13348 | D:11     | Noticed a cyan ugly thing
 13351 | D:11     | Noticed a red ugly thing
 13374 | D:11     | Killed a cyan ugly thing
 13374 | D:11     | Reached skill level 10 in Conjurations
 13383 | D:11     | Killed a cyan ugly thing
 13383 | D:11     | Reached ***** piety under Sif Muna
 13604 | D:11     | Found a radiant altar of Vehumet.
 13606 | D:11     | Received a gift from Sif Muna
 13659 | D:11     | Learned a level 6 spell: Bolt of Fire
 13955 | D:12     | Noticed a brown ugly thing
 13977 | Lair:1   | Entered Level 1 of the Lair of Beasts
 14106 | Lair:1   | Reached skill level 11 in Fire Magic
 14554 | Lair:1   | Noticed Gastronok
 14591 | Lair:1   | Killed Gastronok
 14861 | Lair:1   | Noticed an oklob plant
 14861 | Lair:1   | Noticed an oklob plant
 14865 | Lair:1   | Killed an oklob plant
 14865 | Lair:1   | Reached XP level 12. HP: 103/103 MP: 7/23
 16487 | Lair:2   | Learned a level 5 spell: Venom Bolt
 16496 | Lair:2   | Found a large runed door.
 16497 | Lair:2   | Found a large runed door.
 16499 | Lair:2   | Noticed Luynoab's ghost (journeyman MiFi)
 16976 | Lair:3   | Noticed a seven-headed hydra
 16989 | Lair:3   | Reached skill level 12 in Fire Magic
 17174 | Lair:3   | Received a gift from Sif Muna
 17174 | Lair:3   | Killed a seven-headed hydra
 17358 | Lair:3   | Identified the +0 pair of gloves of the Merchant {MR+++
                  | Stlth+} (You found it on level 3 of the Lair of Beasts)
 17691 | Lair:4   | Found a staircase to the Swamp.
 18366 | Lair:4   | Found a hole to the Spider Nest.
 18519 | Lair:5   | Reached skill level 5 in Shields
 18608 | Lair:5   | Reached XP level 13. HP: 88/111 MP: 8/25
 18640 | Lair:5   | Got a heavily runed buckler
 18641 | Lair:5   | Identified the +1 buckler "Huid" {rElec Regen+ Str-2
                  | Stlth+} (You found it on level 5 of the Lair of Beasts)
 20273 | Lair:6   | Entered Level 6 of the Lair of Beasts
 20280 | Lair:6   | Reached skill level 13 in Fire Magic
 20773 | Lair:6   | Reached skill level 10 in Fighting
 20849 | Lair:6   | Received a gift from Sif Muna
 21428 | Lair:6   | Found a staircase to the Slime Pits.
 22586 | Lair:6   | Gained mutation: Your tail ends in a poisonous barb. [Green
                  | Draconian growth]
 22586 | Lair:6   | Reached XP level 14. HP: 74/122 MP: 0/27
 24358 | D:13     | Reached skill level 14 in Fire Magic
 24417 | D:13     | Found a gate to the Vaults.
 24505 | D:13     | Identified Sif Muna's Catalogue of the Disturbing Lives
                  | (Sif Muna gifted it to you on level 13 of the Dungeon)
 24505 | D:13     | Received a gift from Sif Muna
 24755 | D:13     | Learned a level 4 spell: Olgreb's Toxic Radiance
 24944 | D:8      | Bought a book of Transfigurations for 605 gold pieces
 24948 | D:8      | Learned a level 3 spell: Ignite Poison
 26270 | D:15     | Entered Level 15 of the Dungeon
 26302 | D:15     | Reached skill level 5 in Poison Magic
 27798 | D:15     | Found a staircase to the Depths.
 27934 | Orc:1    | Entered Level 1 of the Orcish Mines
 27944 | Orc:1    | Noticed an orc warlord
 28292 | Orc:1    | Noticed Maurice
 28301 | D:11     | Killed Maurice
 28302 | D:11     | Killed an orc warlord
 28559 | Orc:2    | Entered Level 2 of the Orcish Mines
 28559 | Orc:2    | Found a roughly hewn altar of Beogh.
 28696 | Orc:2    | Reached XP level 15. HP: 107/130 MP: 11/28
 28760 | Orc:2    | Received a gift from Sif Muna
 28880 | Orc:2    | Found a staircase to the Elven Halls.
 28906 | Orc:2    | Found a transporter.
 28909 | Orc:2    | Noticed Birdy's ghost (journeyman MiFi)
 28915 | Orc:2    | Identified the +5 great mace of Prudence {crush, rF++ rC+
                  | Str+2}
 28919 | Orc:2    | Found a transporter.
 28926 | Orc:2    | Found a burning altar of Makhleb.
 29574 | Orc:2    | Reached skill level 10 in Spellcasting
 30356 | Orc:2    | Found Ciam Bul's Food Shop.
 30356 | Orc:2    | Found Turopn's Gadget Shoppe.
 30358 | Orc:2    | Found Vacsoi's Assorted Antiques.
 30360 | Orc:2    | Found Zidweuc's Jewellery Boutique.
 30372 | Orc:2    | Bought the ring "Evafrorph" {+Fly rN+ Int+4 Dex+2} for 619
                  | gold pieces
 30702 | Swamp:1  | Entered Level 1 of the Swamp
 30938 | Lair:2   | Killed Luynoab's ghost
 31295 | Swamp:1  | Reached skill level 15 in Fire Magic
 31344 | Swamp:1  | Noticed a thorn hunter
 31354 | Swamp:1  | Killed a thorn hunter
 33125 | Swamp:2  | Reached skill level 15 in Conjurations
 33131 | Swamp:2  | Identified Sif Muna's Volume of the Shifting Arsonist (Sif
                  | Muna gifted it to you on level 2 of the Swamp)
 33131 | Swamp:2  | Received a gift from Sif Muna
 33171 | Swamp:2  | Noticed a thorn hunter
 33179 | Swamp:2  | Killed a thorn hunter
 34193 | Swamp:3  | Learned a level 8 spell: Ignition
 35598 | Swamp:3  | Reached XP level 16. HP: 140/140 MP: 19/30
 35604 | Swamp:4  | Entered Level 4 of the Swamp
 36495 | Orc:2    | Bought a ration for 55 gold pieces
 36495 | Orc:2    | Bought a ration for 55 gold pieces
 36495 | Orc:2    | Bought a ration for 55 gold pieces
 36495 | Orc:2    | Bought a ration for 55 gold pieces
 36495 | Orc:2    | Bought a ration for 55 gold pieces
 36495 | Orc:2    | Bought a ration for 55 gold pieces
 36495 | Orc:2    | Bought a ration for 55 gold pieces
 36495 | Orc:2    | Bought a ration for 55 gold pieces
 36495 | Orc:2    | Bought a ration for 55 gold pieces
 36495 | Orc:2    | Bought a ration for 55 gold pieces
 36495 | Orc:2    | Bought a ration for 55 gold pieces
 37135 | Swamp:3  | Reached skill level 16 in Fire Magic
 37929 | Swamp:4  | Noticed a thorn hunter
 37979 | Swamp:4  | Killed a thorn hunter
 37979 | Swamp:4  | Received a gift from Sif Muna
 38764 | Swamp:4  | Noticed the 27-headed Lernaean hydra
 39811 | Swamp:4  | Got a decaying rune of Zot
 40208 | Swamp:4  | Killed the 27-headed Lernaean hydra
 40573 | Spider:1 | Entered Level 1 of the Spider Nest
 41340 | Spider:1 | HP: 5/143 [wolf spider (4)]
 41918 | Elf:1    | Entered Level 1 of the Elven Halls
 42064 | Elf:1    | Reached skill level 17 in Fire Magic
 42240 | Elf:1    | Found an ancient bone altar of Kikubaaqudgha.
 42786 | Slime:1  | Entered Level 1 of the Pits of Slime
 42805 | Lair:6   | Identified Eqesyraj's Collected Works on Confrontation (Sif
                  | Muna gifted it to you on level 6 of the Lair of Beasts)
 42805 | Lair:6   | Received a gift from Sif Muna
 43068 | Lair:6   | Upgraded the game from 0.23-a0-726-g9fa1570 to
                  | 0.23-a0-730-g0b75920
 43345 | Depths:1 | Entered Level 1 of the Depths
 43453 | D:15     | Killed from afar by a fire dragon

Vault maps used:
D:1:      onia_arrival_zoo_common
D:2:      minmay_diamond_boxcup, lemuel_round_altar, serial_bayou_lagoon_a
D:3:      gammafunk_temple_overflow_statue, chequers_ecumenical_altar_simple
D:4:      first_ration, grunt_ministairs_8, minmay_fountain_box
D:5:      skrybe_limestone_x, uniq_edmund, uniq_eustachio, uniq_menkaure
D:6:      chequers_temple_overflow_statue_of_worship, grunt_qazlal_clouds,
          minmay_temple_entry_enclosed_plants
D:7:      zin_scriptorium, the_bakery
D:8:      serial_shops, nicolae_shop_stone, minmay_misc_feat_nine_boxes,
          fungi_pond_lemuel, uniq_grum
D:9:      nemelex_altar_shiori, okawaru_trees_2
D:10:     enter_bailey_2, feat_on_display
D:11:     lair_entry_dummy, erik_orc_3, basic_altar, serial_shops,
          kennysheep_mini_moat, uniq_erolcha
D:13:     david_vaults_1, minivault_5
D:15:     gammafunk_enter_depths_forms, hangedman_decor_growths
Lair:1:   dpeg_oklob_gauntlet, uniq_gastronok
Lair:2:   ebering_ghost_disaster_area, kennysheep_abandoned_house,
          infiniplex_staircase_pool_2
Lair:4:   skrybe_swamp_entry_bodies, spider_nest_entry_webs,
          serial_bayou_shore_b
Lair:6:   hangedman_lair_in_review, slime_dummy, minmay_lair_oklob_chamber,
          lemuel_fruit_fields
Swamp:1:  wheals_swamp_sinkhole, nicolae_swamp_snake_nest
Swamp:2:  evilmike_swamp_ruin_house_6
Swamp:3:  serial_swamp_ruin, evilmike_swamp_ruin_rubble_2,
          evilmike_swamp_ruin_house_4
Swamp:4:  swamp_old_school, swamp_pool3
Spider:1: minmay_another_anthill, uniq_josephine
Orc:1:    uniq_urug, uniq_maurice
Orc:2:    st_orc_rangers, basic_altar, gammafunk_ghost_smash,
          nicolae_orc_sculptors_studio, bloody_makhleb
Elf:1:    kennysheep_six_static_rooms, serial_shops, shop, basic_altar,
          minivault_28, uniq_frances
Depths:1: wad_floor_pattern_2, abyss_entry, hell_entry,
          hangedman_abyss_or_decor_stabs, dispersion_dpeg, firewood_loft,
          uniq_enchantress
Bailey:   bailey_polearm_1, bailey

Skill      XL: |  1  2  3  4  5  6  7  8  9 10 11 12 13 14 15 16 |
---------------+-------------------------------------------------+-----
Stealth        | 2 |  2.2
Fire Magic     | 4 5 6 7 8 10 11 12 13 14 15 17 | 17.1
Fighting       | 1 2 3 4 5 7 8 9 10 11 12 13 | 13.0
Conjurations   | 2 3 4 6 7 9 10 12 13 14 15 16 | 16.0
Shields        | 1 2 4 5 6 7 |  7.1
Spellcasting   | 3 4 5 6 7 8 9 10 11 | 11.8
Poison Magic   | 3 4 5 7 |  7.1
Dodging        | |  1.8

Action                   |  1- 3 |  4- 6 |  7- 9 | 10-12 | 13-15 | 16-18 || total
-------------------------+-------+-------+-------+-------+-------+-------++-------
Melee: Short sword       |    26 |       |       |       |       |       ||    26
       Spear             |    12 |   101 |   375 |   104 |       |       ||   592
       Tailslap          |     4 |     6 |    33 |    10 |    23 |    19 ||    95
       Staff             |       |       |       |    63 |   186 |   185 ||   434
 Cast: Flame Tongue      |    69 |    72 |   179 |   282 |   269 |    66 ||   937
       Conjure Flame     |     1 |     2 |     5 |     3 |       |     2 ||    13
       Sticky Flame      |       |     5 |    29 |    61 |    95 |    42 ||   232
       Fireball          |       |       |     2 |    61 |   106 |    74 ||   243
       Bolt of Fire      |       |       |       |    19 |   201 |    62 ||   282
       Venom Bolt        |       |       |       |     4 |       |       ||     4
       Olgreb's Toxic Ra |       |       |       |       |    11 |     6 ||    17
       Ignite Poison     |       |       |       |       |     5 |       ||     5
       Ignition          |       |       |       |       |       |     1 ||     1
Invok: Divine Energy     |       |       |     1 |       |       |       ||     1
       Forget Spell      |       |       |       |     1 |       |       ||     1
 Abil: Breathe Noxious F |       |       |     3 |     4 |     3 |     2 ||    12
Evoke: Wand              |       |       |     3 |       |       |     5 ||     8
  Use: Scroll            |     8 |     2 |     4 |    13 |    10 |    10 ||    47
       Potion            |     6 |     2 |     1 |     5 |     1 |     8 ||    23
 Stab: Sleeping          |       |     2 |     3 |     4 |       |       ||     9
       Distracted        |       |     1 |       |       |       |       ||     1
       Confused          |       |       |     2 |       |       |     1 ||     3
       Petrifying        |       |       |       |       |     1 |       ||     1
  Eat: Chunk             |     4 |    10 |    19 |    37 |    76 |     8 ||   154
       Ration            |       |       |     1 |     7 |    22 |    13 ||    43
Armor: Skin              |    33 |    40 |   145 |    91 |   139 |   197 ||   645
Dodge: Dodged            |    34 |    74 |   220 |   153 |   225 |   224 ||   930
Block: Buckler           |       |    16 |    98 |    88 |   133 |   167 ||   502

Table legend:
 A = Non-vault XP
 B = Vault XP
 C = Vault XP percentage of total XP
 D = Non-vault monster count
 E = Vault monster count
 F = Vault count percentage of total count
                 A         B        C        D         E       F
            +---------+---------+-------+---------+---------+-------
      Total |  154771 |   58179 |  27.3 |     726 |     174 |  19.3
            +---------+---------+-------+---------+---------+-------
        D:1 |      33 |       0 |   0.0 |      21 |       0 |   0.0
        D:2 |      76 |      29 |  27.6 |      34 |       7 |  17.1
        D:3 |     187 |       0 |   0.0 |      31 |       0 |   0.0
        D:4 |     246 |       4 |   1.6 |      19 |       1 |   5.0
        D:5 |     541 |     532 |  49.6 |      33 |       3 |   8.3
        D:6 |     869 |       0 |   0.0 |      23 |       0 |   0.0
        D:7 |    1130 |     229 |  16.9 |      30 |       1 |   3.2
        D:8 |     900 |     421 |  31.9 |      20 |       3 |  13.0
        D:9 |    2550 |       0 |   0.0 |      26 |       0 |   0.0
       D:10 |    2302 |       0 |   0.0 |      21 |       0 |   0.0
       D:11 |    5308 |    2093 |  28.3 |      31 |      18 |  36.7
       D:12 |    5822 |       0 |   0.0 |      27 |       0 |   0.0
       D:13 |    5156 |    1768 |  25.5 |      18 |       4 |  18.2
       D:14 |    6787 |       0 |   0.0 |      18 |       0 |   0.0
       D:15 |    6961 |    3666 |  34.5 |      20 |      10 |  33.3
     Lair:1 |    3397 |    3505 |  50.8 |      16 |       3 |  15.8
     Lair:2 |    3970 |    1538 |  27.9 |      18 |      11 |  37.9
     Lair:3 |    5389 |       0 |   0.0 |      19 |       0 |   0.0
     Lair:4 |    4065 |     977 |  19.4 |      17 |       4 |  19.0
     Lair:5 |   12785 |       0 |   0.0 |      45 |       0 |   0.0
     Lair:6 |    8137 |   12747 |  61.0 |      27 |      28 |  50.9
    Swamp:1 |   13533 |    2689 |  16.6 |      26 |      13 |  33.3
    Swamp:2 |    9648 |       0 |   0.0 |      20 |       0 |   0.0
    Swamp:3 |   17962 |    1357 |   7.0 |      47 |       2 |   4.1
    Swamp:4 |   16083 |   18958 |  54.1 |      41 |      20 |  32.8
   Spider:1 |    5331 |       0 |   0.0 |      16 |       0 |   0.0
      Orc:1 |     426 |       0 |   0.0 |      11 |       0 |   0.0
      Orc:2 |    4573 |    5939 |  56.5 |      34 |      36 |  51.4
      Elf:1 |    8736 |       0 |   0.0 |      15 |       0 |   0.0
   Depths:1 |    1868 |       0 |   0.0 |       2 |       0 |   0.0
     Bailey |       0 |    1727 | 100.0 |       0 |      10 | 100.0
            +---------+---------+-------+---------+---------+-------
